 Dungeon Crawl Stone Soup version 0.31.0-11-ge490571c62 (webtiles) character file.

Game seed: 12758503831471192647

169 boopmooplesden the Covered (level 5, -3/45 HPs)
             Began as an Armataur Fighter on Feb 1, 2024.
             Killed by divine providence
             ... invoked by an orc priest
              (13 damage)
             ... on level 3 of the Dungeon.
             The game lasted 00:04:09 (2142 turns).

boopmooplesden the Covered (Armataur Fighter)       Turns: 2142, Time: 00:04:09

Health: -3/45      AC: 11    Str: 21 (22) XL:     5   Next: 25%
Magic:  5/5        EV:  7    Int:  5 (8)  God:
Gold:   105        SH:  4    Dex:  9 (11) Spells: 4/4 levels left

rFire   . . .        a - +0 long sword
rCold   . . .        c - +0 buckler
rNeg    + . .        b - +0 scale mail
rPois   .            j - +0 helmet
rElec   .            (no cloak)
rCorr   .            s - +0 pair of gloves
SInv    .            (no barding)
Will    .....        (no amulet) Stlth
                     k - ring of positive energy
HPRegen 0.27/turn    (no ring)
MPRegen 0.09/turn

%: roll
@: weak-willed
A: large, deformed body, tough skin 3, armoured tail, roll 1, iridescent scales
1, no potion heal 1
a: no special abilities


You were on level 3 of the Dungeon.
You visited 1 branch of the dungeon, and saw 3 of its levels.

You collected 105 gold pieces.

Inventory:

Hand Weapons
 a - a +0 long sword (weapon)
Missiles
 g - 5 boomerangs (quivered)
Armour
 b - a +0 scale mail (worn)
 c - a +0 buckler (worn)
 j - a +0 helmet (worn)
 s - a +0 pair of gloves (worn)
Jewellery
 k - a ring of positive energy (left hand)
 m - a ring of fire
Wands
 o - a wand of polymorph (1)
 p - a wand of flame (17)
Scrolls
 e - 3 scrolls of identify
Potions
 d - a potion of attraction
 n - a potion of enlightenment {unknown}
 r - a potion of heal wounds {unknown}
 t - a potion of brilliance {unknown}


   Skills:
 + Level 3.4 Fighting
 + Level 3.2 Long Blades
 + Level 4.6 Armour
 + Level 0.5 Dodging
 + Level 0.2 Stealth
 + Level 4.0 Shields


You had 4 spell levels left.
You didn't know any spells.
Your spell library contained the following spells:

 Spells                   Type           Power      Damage    Failure   Level
 Freeze                   Ice            0%         1d3       86%         1
 Sandblast                Erth           0%         2d4       86%         1
 Frozen Ramparts          Ice            0%         1d1       99%         3
 Hailstorm                Conj/Ice       0%         3d5       99%         3
 Passwall                 Erth           0%         N/A       99%         3
 Stone Arrow              Conj/Erth      0%         3d7       99%         3
 Brom's Barrelling Bould  Conj/Erth      0%         2d3       100%        4


Dungeon Overview and Level Annotations

Branches:
Dungeon (3/15)

Altars:

Shops:
D:2 (


Innate Abilities, Weirdness & Mutations

Armour fits poorly on your strangely shaped body.
You have extremely tough skin. (AC +3)
You have a long armoured tail.
You regenerate magic when rolling toward enemies. (Rampage MPRegen)
You are partially covered in iridescent scales. (AC +2)
Potions are less effective at restoring your health.


Message History

The orc priest hits you but does no damage.
You hit the orc priest but do no damage.
The orc priest is heavily wounded.
The orc priest hits you but does no damage.
You hit the orc priest. You tail-slap the orc priest.
The orc priest is severely wounded.
The orc priest hits you with a +0 dagger.
* * * LOW HITPOINT WARNING * * *
You hit the orc priest but do no damage.
You tail-slap the orc priest, but do no damage.
The orc priest is severely wounded.
The orc priest hits you but does no damage.
The orc priest calls upon Beogh to heal the orc priest.
The orc priest is healed somewhat.
You block the orc priest's attack.
You hit the orc priest but do no damage.
The orc priest is heavily wounded.
You block the orc priest's attack.
You hit the orc priest but do no damage.
The orc priest is heavily wounded.
The orc priest barely misses you.
The orc priest casts a cantrip, but nothing happens.
It was a potion of ambrosia.
You are confused.
Your system partially rejects the healing.
You feel invigorated.
The orc priest hits you with a +0 dagger.
* * * LOW HITPOINT WARNING * * *
You bump into the rock wall.
The orc priest hits you with a +0 dagger.
You bump into the rock wall.
The orc priest invokes the aid of Beogh against you.
You barely resist.
You feel less invigorated.
You feel less confused.
The orc priest invokes the aid of Beogh against you.
Beogh smites you!
* * * LOW HITPOINT WARNING * * *
The orc priest calls down the wrath of Beogh upon you.
Beogh smites you!
You die...

. #.....P.............
##..#.<†.o..............
........).##.#.#...####)
.#..#.###o##.#...#......
...... #.##.###...####.
.#..#.###o##.# ##.#####.
....#...o.##.# #.......
.#. ###.####.# #.#####.
. #@# #.# #.# #. #.# #.#
#.# #. #.# #.# .# #. #.#
#.# #.#####. #.#
........ #.# #.######
### ..# # #.. ### #
#####.#####.# #


You could see 2 orc priests.

Vanquished Creatures
  Jessica (D:2)
  Terence (D:2)
  Robin (D:2)
  2 adders
  A ribbon worm (D:3)
  3 orcs (D:3)
  3 ball pythons
  5 endoplasms
  11 giant cockroaches
  12 goblins
  8 hobgoblins
  4 jackals
  2 quokkas
  4 bats
  4 frilled lizards
  11 kobolds
  2 rats (D:1)
75 creatures vanquished.

Notes
Turn   | Place    | Note
-------+----------+-------------------------------------------
     0 | D:1      | boopmooplesden the Armataur Fighter began the quest for the
                  | Orb.
     0 | D:1      | Reached XP level 1. HP: 18/18 MP: 1/1
   166 | D:1      | Reached XP level 2. HP: 25/25 MP: 2/2
   820 | D:1      | Reached XP level 3. HP: 29/31 MP: 3/3
  1132 | D:2      | Noticed Robin
  1150 | D:2      | Killed Robin
  1151 | D:2      | Reached XP level 4. HP: 22/38 MP: 4/4
  1347 | D:2      | Noticed Terence
  1399 | D:2      | Killed Terence
  1522 | D:2      | Noticed Jessica
  1538 | D:2      | Killed Jessica
  1675 | D:2      | Reached XP level 5. HP: 45/45 MP: 5/5
  1677 | D:2      | Found Fyhupydo's Weapon Shoppe.
  2126 | D:3      | Gained mutation: Potions are less effective at restoring
                  | your health. [potion of mutation]
  2126 | D:3      | Gained mutation: You are partially covered in iridescent
                  | scales. (AC +2) [potion of mutation]
  2142 | D:3      | Killed from afar by an orc priest

Illustrated notes

Levels and vault maps discovered:
D:1:      dpeg_arrival_rhombi, layout_basic, minmay_hedge_maze,
          minmay_worlds_worst_comb
D:2:      layout_loops_ring, serial_shops, shop, kennysheep_generic_room_6,
          uniq_robin, uniq_jessica, uniq_terence
D:3:      lemuel_castle_with_subvaults [lemuel_castle_interior_carwin_3],
          layout_loops_ring, grunt_ministairs_11, cheibrodos_gnoll_hut

Skill      XL: |  1  2  3  4  5 |
---------------+----------------+-----
Long Blades    | 2 3 |  3.2
Fighting       | 3 |  3.4
Armour         | 4 |  4.6
Shields        | 4 |  4.0
Dodging        | |  0.5
Stealth        | |  0.2

Action                     |  1- 3 |  4- 6 || total
---------------------------+-------+-------++-------
  Melee: Long sword        |   146 |   123 ||   269
         Tailslap          |    12 |    20 ||    32
    Use: Potion            |     1 |     5 ||     6
         Scroll            |       |     3 ||     3
 Armour: Scale mail        |   158 |   119 ||   277
  Dodge: Dodged            |    56 |    49 ||   105
  Block: Buckler           |    37 |    29 ||    66
